 Dungeon Sprint DCSS version 0.31.0-11-ge490571c62 (webtiles) character file.

Game seed: 10459338241936777307

210 Amaterasu the Cudgeller (level 5, -10/58 HPs)
             Began as an Oni Warper on Jan 28, 2024.
             Was an Initiate of Vehumet.
             Mangled by a two-headed ogre
             ... wielding a +0 giant club
              (18 damage)
             ... in the Dungeon (Sprint IX: "|||||||||||||||||||||||||||||").
             The game lasted 00:02:05 (209 turns).

Amaterasu the Cudgeller (Oni Warper)                 Turns: 209, Time: 00:02:06

Health: -10/58     AC:  4    Str: 20    XL:     5   Next: 87%
Magic:  4/12       EV: 13    Int: 14    God:    Vehumet [......]
Gold:   0          SH:  0    Dex:  8    Spells: 10/14 levels left

rFire   . . .        l - +2 dire flail (heavy)
rCold   . . .        (shield currently unavailable)
rNeg    . . .        b - +0 robe
rPois   .            (helmet restricted)
rElec   .            n - +0 cloak
rCorr   .            (gloves unavailable)
SInv    .            (boots unavailable)
Will    .....        (no amulet)
Stlth   +            a - +3 ring of strength
HPRegen 0.29/turn    m - +2 ring of evasion
MPRegen 0.13/turn

%: no teleportation
@: hasted, very quick
A: large, unfitting armour, horns 1, tough skin 1, double potion healing,
drunken brawling
a: Renounce Religion


You were in the Dungeon.
You worshipped Vehumet.
Vehumet was noncommittal.
You visited 1 branch

Inventory:

Hand Weapons
 l - a +2 heavy dire flail (weapon)
Missiles
 d - 7 darts of dispersal (quivered)
Armour
 b - a +0 robe (worn)
 n - a +0 cloak (worn)
Jewellery
 a - a +3 ring of strength (left hand)
 m - a +2 ring of evasion (right hand)
Wands
 k - a wand of acid (10)
Scrolls
 c - 3 scrolls of blinking
 j - 2 scrolls of amnesia
Potions
 e - 5 potions of curing
 f - a potion of invisibility
 h - 4 potions of magic
 i - 2 potions of heal wounds


   Skills:
 + Level 5.6 Fighting
 - Level 6.0 Maces & Flails
 - Level 1.0 Throwing
 - Level 6.0 Dodging
 - Level 5.0 Spellcasting
 - Level 6.0 Translocations


You had 10 spell levels left.
You knew the following spells:

 Your Spells              Type           Power      Damage    Failure   Level
a - Manifold Assault      Tloc           20%        N/A       14%         4

Your spell library contained the following spells:

 Spells                   Type           Power      Damage    Failure   Level
 Blink                    Tloc           40%        N/A       2%          2
 Lesser Beckoning         Tloc           40%        N/A       2%          2
 Teleport Other           Tloc           20%        N/A       4%          3
 Vhi's Electric Charge    Tloc/Air       22%        N/A       45%         4


Dungeon Overview and Level Annotations

Branches:
Dungeon (1/1)

Altars:
Cheibriados
Dithmenos
Elyvilon
Fedhas
Gozag
Hepliaklqana
Kikubaaqudgha
Makhleb
Nemelex Xobeh
Okawaru
Qazlal
Ru
Sif Muna
Trog
Uskayaw
Vehumet
Wu Jian
Xom
Yredelemnul
Zin
The Shining One
Jiyva
Lugonu


Innate Abilities, Weirdness & Mutations

You are too large for most types of armour.
You have a pair of small horns on your head.
You have tough skin. (AC +1)
You gain doubled healing and magic from potions.
Whenever you drink a healing potion, you attack all around you.


Message History

Confirm with . or Enter, or press ? or * to list all spells.
Space momentarily warps into an impossible shape!
You bludgeon the kobold brigand!! You impale the acid dragon!!
You bludgeon the troll!! The kobold brigand barely misses you.
Unknown command.
You bludgeon the kobold brigand!!
You kill the kobold brigand!
Vehumet accepts your kill.
Training target 5.0 for Spellcasting reached!
Training target 6.0 for Translocations reached!
Training target 6.0 for Dodging reached!
Your Fighting skill gained 2 levels and is now at level 5!
Your Dodging skill gained 2 levels and is now at level 6!
Your Spellcasting skill increases to level 5!
Your Translocations skill increases to level 6!
Unknown command.
You hit the yak.
The yak is lightly wounded.
The yak gores you!
You impale the yak!! You headbutt the yak, but do no damage.
The yak is severely wounded.
The yak closely misses you.
You hit the yak but do no damage.
The yak is severely wounded.
You completely miss the two-headed ogre.
You barely miss the two-headed ogre.
The two-headed ogre hits you with a +0 giant club!
The two-headed ogre closely misses you.
You hammer the two-headed ogre like a gong!!!
The two-headed ogre is severely wounded.
You barely miss the two-headed ogre.
The two-headed ogre is severely wounded.
The two-headed ogre hits you with a +0 giant club! x2
* * * LOW HITPOINT WARNING * * *
You hit the two-headed ogre but do no damage.
You headbutt the two-headed ogre.
The two-headed ogre is severely wounded.
The two-headed ogre misses you.
The two-headed ogre hits you with a +0 giant club!!
You die...

▓.▓
▓.▓
▓)▓
▓.▓
▓[▓
▓.▓
▓[▓
▓.▓
▓@▓
▓O▓
▓Y▓
▓D▓
▓Y▓
▓T▓
▓.▓
▓.▓


You could see a two-headed ogre, 2 yaks, a troll and an acid dragon.

Vanquished Creatures
  A kobold brigand (D)
  A jelly (D)
  4 iguanas (D)
  A ball python (D)
  An endoplasm (D)
  A giant cockroach (D)
  2 goblins (D)
11 creatures vanquished.

Notes
Turn   | Place    | Note
-------+----------+-------------------------------------------
     0 | D        | Amaterasu the Oni Warper began the quest for the Orb.
     0 | D        | Reached XP level 1. HP: 22/22 MP: 3/3
    12 | D        | Reached XP level 2. HP: 26/29 MP: 5/5
    34 | D        | Reached XP level 3. HP: 32/36 MP: 7/7
    39 | D        | Reached XP level 4. HP: 41/45 MP: 8/8
    49 | D        | Reached skill level 5 in Translocations
    52 | D        | HP: 2/48 [acid (2)]
    55 | D        | Reached XP level 5. HP: 31/54 MP: 9/11
    60 | D        | Learned a level 4 spell: Manifold Assault
   129 | D        | Found a snail-covered altar of Cheibriados.
   129 | D        | Found a shadowy altar of Dithmenos.
   129 | D        | Found a white marble altar of Elyvilon.
   129 | D        | Found a blossoming altar of Fedhas.
   129 | D        | Found an opulent altar of Gozag.
   130 | D        | Found a hazy altar of Hepliaklqana.
   131 | D        | Found a viscous altar of Jiyva.
   132 | D        | Found an ancient bone altar of Kikubaaqudgha.
   133 | D        | Found a corrupted altar of Lugonu.
   134 | D        | Found a burning altar of Makhleb.
   135 | D        | Found a sparkling altar of Nemelex Xobeh.
   136 | D        | Found an iron altar of Okawaru.
   137 | D        | Found a stormy altar of Qazlal.
   138 | D        | Found a sacrificial altar of Ru.
   139 | D        | Found a shimmering blue altar of Sif Muna.
   140 | D        | Found a bloodstained altar of Trog.
   141 | D        | Found a hide-covered altar of Uskayaw.
   142 | D        | Found a radiant altar of Vehumet.
   143 | D        | Found an ornate altar of the Wu Jian Council.
   144 | D        | Found a shimmering altar of Xom.
   145 | D        | Found a basalt altar of Yredelemnul.
   146 | D        | Found a glowing silver altar of Zin.
   147 | D        | Found a glowing golden altar of the Shining One.
   150 | D        | Became a worshipper of Vehumet
   197 | D        | Noticed a kobold brigand
   197 | D        | Noticed a yak
   197 | D        | Noticed an acid dragon
   197 | D        | Noticed a two-headed ogre
   197 | D        | Noticed a yak
   197 | D        | Noticed a troll
   201 | D        | Killed a kobold brigand
   202 | D        | Reached skill level 5 in Fighting
   202 | D        | Reached skill level 5 in Spellcasting
   209 | D        | Mangled by a two-headed ogre

Illustrated notes

Levels and vault maps discovered:
D:        linesprint [early_d, line_temple, items_1, d_10, items_2, lair_1,
          lair_end, items_3, orc_1, orc_end, items_4, d_15, swamp_1, shoals_1,
          snake_1, spider_1, d_20, vaults_1, items_5, swamp_end, shoals_end,
          snake_end, spider_end, vaults_end, d_27, items_6, zot_1, zot_end,
          crypt_end, forest_end, elf_end, slime_end, tomb_end, abyss_end,
          pan_hell_end]

Skill      XL: |  1  2  3  4  5 |
---------------+----------------+-----
Maces & Flails | 4 6 |  6.0
Translocations | 3 4 5 6 |  6.0
Fighting       | 3 5 |  5.6
Dodging        | 3 4 6 |  6.0
Spellcasting   | 3 4 5 |  5.0
Throwing       | |  1.0

Action                     |  1- 3 |  4- 6 || total
---------------------------+-------+-------++-------
  Melee: Mace              |    21 |    14 ||    35
         Headbutt          |     4 |     4 ||     8
         Dire flail        |       |    15 ||    15
   Cast: Manifold Assault  |       |     2 ||     2
    Use: Potion            |     1 |     2 ||     3
 Armour: Robe              |     9 |    12 ||    21
  Dodge: Dodged            |     9 |    12 ||    21
